AoeStats
← massuyeh840417

Oasis

508237231Analyzed
4v4 RM · 12d ago on Sep 21, 2026· 58m 36s· 8 players
Game mode
Random Map
Map size
Large (8 player)
Population
200
Speed
Normal
Resources
Standard
Victory
Conquest
Starting age
Dark Age
Ending age
Imperial Age
RankedLock teamsTeams togetherTeam positionsShared explorationLock speedFull tech treeHidden civsTurbo modeCheats
Victory
Defeat
🇹🇼 Khmer · Taiwan
1150
+11
🇹🇼 Spanish · Taiwan
1033
+16
🇨🇳 Inca · China
988
+18
🇹🇼 Maya · Taiwan
983
+17
🇨🇭 Huns · Switzerland
1064
-17
🇲🇽 Saracens · Mexico
1041
-16
🇫🇷 Chinese · France
1013
-15
🇬🇧 Vietnamese · United Kingdom
999
-14
Xonkorcorpse
12:27 Feudal Age
13:43 Double-Bit Axe
19:38 Castle Age
17:40 Horse Collar
19:13 Loom
23:53 Bow Saw
23:35 Gold Mining
24:09 Heavy Plow
27:49 Gold Shaft Mining
29:11 Caravan
32:48 Wheelbarrow
31:54 Pikeman
32:51 Fortified Wall
33:02 Ballistics
32:47 Murder Holes
37:28 Imperial Age
34:51 Town Watch
36:27 Bloodlines
36:18 Husbandry
36:30 Forging
36:26 Scale Barding Armor
36:21 Scale Mail Armor
36:24 Padded Archer Armor
36:22 Fletching
36:05 Light Cavalry
38:25 Hand Cart
38:12 Town Patrol
38:37 Chain Barding Armor
37:56 Heavy Camel Rider
37:59 Hussar
39:58 Conscription
40:13 Counterweights
43:42 Chemistry
42:49 Siege Engineers
46:53 Squires
46:38 Gambesons
46:39 Arson
46:16 Man-at-Arms
-Slipstream/Matt
5:40 Loom
10:03 Feudal Age
10:34 Double-Bit Axe
15:18 Horse Collar
15:53 Gold Mining
19:30 Castle Age
18:48 Fletching
19:43 Elite Skirmisher
24:51 Bow Saw
27:16 Ballistics
27:10 Padded Archer Armor
28:31 Wheelbarrow
29:15 Bodkin Arrow
30:08 Fortified Wall
31:17 Bloodlines
32:56 Scale Barding Armor
32:57 Husbandry
33:07 Thumb Ring
33:45 Hand Cart
37:13 Caravan
39:03 Leather Archer Armor
40:55 Murder Holes
40:56 Town Watch
41:18 Chatras
41:27 Scale Barding Armor
41:33 Forging
41:34 Heavy Plow
46:05 Imperial Age
46:12 Imperial Age
43:38 Town Watch
47:57 Chemistry
47:04 Siege Engineers
47:03 Bracer
46:45 Heavy Cavalry Archer
49:23 Chain Barding Armor
Babulus
9:34 Feudal Age
13:05 Loom
16:35 Castle Age
18:06 Town Watch
27:45 Wheelbarrow
31:29 Imperial Age
31:57 Capped Ram
33:04 Hand Cart
32:49 Town Patrol
32:34 Horse Collar
32:44 Double-Bit Axe
33:27 Forging
33:07 Fletching
33:17 Scale Mail Armor
35:10 Iron Casting
35:29 Caravan
36:11 Conscription
36:15 Bloodlines
36:05 Husbandry
36:00 Light Cavalry
37:06 Ballistics
37:45 Atheism
37:52 Marauders
37:43 Pikeman
38:24 Squires
40:09 Blast Furnace
39:10 Scale Mail Armor
39:05 Bodkin Arrow
39:11 Padded Archer Armor
39:16 Scale Barding Armor
39:14 Husbandry
40:55 Chemistry
40:06 Masonry
39:58 Arson
41:05 Heavy Plow
41:15 Bow Saw
40:55 Stone Mining
40:55 Gold Mining
41:31 Murder Holes
41:50 Thumb Ring
43:10 Coinage
42:50 Guilds
42:59 Chain Mail Armor
42:45 Bracer
43:24 Gold Shaft Mining
42:38 Cavalier
44:11 Leather Archer Armor
44:16 Chain Barding Armor
43:19 Elite Skirmisher
44:25 Parthian Tactics
44:00 Heavy Cavalry Archer
45:05 Parthian Tactics
44:05 Imperial Skirmisher
44:54 Halberdier
46:59 Hussar
Gosu
9:35 Feudal Age
10:10 Double-Bit Axe
12:14 Horse Collar
12:36 Gold Mining
21:20 Castle Age
20:52 Stone Mining
23:02 Wheelbarrow
22:46 Bow Saw
22:38 Heavy Plow
24:06 Fletching
24:17 Padded Archer Armor
27:07 Caravan
28:59 Gold Shaft Mining
31:13 Hand Cart
34:13 Imperial Age
33:03 Bodkin Arrow
33:23 Leather Archer Armor
32:31 Crossbowman
33:17 Thumb Ring
32:34 Elite Skirmisher
33:38 Ballistics
35:08 Stone Shaft Mining
35:03 Masonry
34:49 Murder Holes
34:44 Heavy Rocket Cart
36:55 Two-Man Saw
35:37 Capped Ram
35:43 Imperial Skirmisher
38:10 Conscription
38:54 Chemistry
38:24 Architecture
37:58 Siege Ram
38:04 Pikeman
38:45 Squires
38:47 Bracer
39:17 Ring Archer Armor
38:48 Scale Mail Armor
38:59 Forging
39:33 Heavy Scorpion
39:43 Halberdier
39:44 Man-at-Arms
40:34 Long Swordsman
41:00 Arson
42:56 Loom
42:57 Town Watch
43:28 Chain Mail Armor
43:49 Iron Casting
42:37 Two-Handed Swordsman
42:40 Arbalester
42:41 Heavy Cavalry Archer
45:22 Rocketry
45:31 Champion
46:58 Bombard Tower
46:23 Arrowslits
47:13 Plate Mail Armor
47:44 Blast Furnace
46:49 Scale Barding Armor
47:01 Elite Fire Lancer
ZedongMao
0:27 Loom
12:21 Feudal Age
14:45 Double-Bit Axe
14:47 Horse Collar
21:10 Castle Age
23:13 Bow Saw
22:55 Fletching
23:08 Heavy Plow
22:32 Crossbowman
26:11 Bodkin Arrow
28:07 Wheelbarrow
27:25 Town Watch
35:25 Imperial Age
32:57 Padded Archer Armor
33:09 Forging
33:00 Scale Mail Armor
33:23 Hand Cart
34:21 Leather Archer Armor
34:28 Ballistics
34:19 Masonry
34:21 Fortified Wall
35:49 Chain Mail Armor
36:09 Iron Casting
37:57 Bracer
38:29 Plate Mail Armor
38:08 Gold Mining
38:09 Stone Mining
38:52 Architecture
38:57 Arbalester
39:42 Thumb Ring
44:27 Blast Furnace
44:02 Ring Archer Armor
44:36 Chemistry
43:32 Murder Holes
46:06 Caravan
48:23 Conscription
55:12 Holcans
54:33 Treadmill Crane
55:57 Blast Furnace
55:24 Eagle Warrior
55:50 Arson
56:05 Squires
56:38 Elite Eagle Warrior
massuyeh840417
11:23 Feudal Age
16:13 Castle Age
14:51 Double-Bit Axe
15:27 Loom
26:46 Wheelbarrow
30:13 Hand Cart
31:15 Horse Collar
31:49 Bow Saw
35:11 Imperial Age
33:23 Scale Barding Armor
33:43 Gold Mining
34:31 Bloodlines
34:54 Chain Barding Armor
34:42 Husbandry
35:42 Stone Mining
35:24 Cavalier
36:39 Conscription
37:00 Plate Barding Armor
37:50 Scale Mail Armor
38:03 Forging
39:36 Iron Casting
39:31 Paladin
41:45 Chemistry
42:03 Heavy Plow
43:09 Two-Man Saw
46:22 Caravan
46:53 Coinage
47:13 Ballistics
46:46 Guard Tower
54:24 Blast Furnace
54:29 Town Watch
The Erion
5:49 Loom
12:19 Feudal Age
16:13 Castle Age
14:26 Horse Collar
15:42 Double-Bit Axe
18:02 Heavy Plow
18:16 Bow Saw
22:19 Wheelbarrow
25:06 Gold Mining
28:00 Hand Cart
30:23 Imperial Age
27:57 Town Watch
28:40 Stone Mining
33:01 Husbandry
33:14 Bloodlines
33:07 Padded Archer Armor
32:58 Fletching
33:13 Scale Barding Armor
33:40 Forging
33:50 Caravan
34:42 Conscription
34:23 Double Crossbow
34:18 Elite Battle Elephant
34:23 Elite Ballista Elephant
34:51 Light Cavalry
35:56 Chain Barding Armor
35:38 Scale Mail Armor
35:54 Leather Archer Armor
35:35 Bodkin Arrow
38:16 Hussar
43:08 Plate Barding Armor
43:09 Iron Casting
43:06 Ring Archer Armor
43:36 Hoardings
47:41 Blast Furnace
46:54 Bracer
47:26 Ballistics
48:09 Chemistry
49:45 Coinage
57:34 Masonry
57:36 Siege Engineers
57:45 Fortified Wall
好邻居
2:32 Loom
10:39 Feudal Age
12:09 Stone Mining
13:17 Double-Bit Axe
13:14 Horse Collar
15:32 Wheelbarrow
22:09 Castle Age
22:24 Castle Age
21:59 Gold Mining
23:38 Hand Cart
24:20 Bow Saw
29:49 Heavy Plow
31:40 Caravan
35:22 Imperial Age
34:55 Gold Shaft Mining
34:58 Stone Shaft Mining
34:12 Town Watch
34:24 Champi Runner
35:05 Squires
34:51 Arson
35:15 Fletching
35:26 Padded Archer Armor
35:27 Scale Mail Armor
35:38 Forging
35:07 Champi Warrior
37:07 Chemistry
36:27 Ballistics
36:40 Conscription
36:21 Elite Champi Warrior
37:33 Fabric Shields
37:57 Chain Mail Armor
38:19 Iron Casting
38:48 Iron Casting
39:08 Crop Rotation
39:14 Plate Mail Armor
41:42 Blast Furnace
40:54 Masonry
40:57 Fortified Wall
41:33 Fletching
41:45 Town Patrol
45:39 Bodkin Arrow
45:51 Siege Engineers
45:27 Treadmill Crane
Connection lost

Rejoining the realm…

Still unreachable

The connection could not be restored.

Session expired

The server has moved on; the page needs a fresh start.